 Dungeon Crawl Stone Soup version 0.31-a0-986-g5e6e4ef867 (webtiles) character file.

Game seed: 18072066247298751284

3541 AppTheSpectato the Mimic (level 9, -8/133 HPs)
             Began as a Troll Shapeshifter on Nov 7, 2023.
             Was a Follower of Trog.
             Mangled by Joseph
             ... wielding a +4 spectral quarterstaff
              (18 damage)
             ... on level 7 of the Dungeon.
             The game lasted 00:18:12 (5752 turns).

AppTheSpectato the Mimic (Troll Shapeshifter)       Turns: 5752, Time: 00:18:12

Health: -8/133     AC:  4    Str: 28    XL:     9   Next: 82%
Magic:  8/8        EV:  9    Int:  6    God:    Trog [*.....]
Gold:   371        SH:  0    Dex:  9    Spells: 8/8 levels left

rFire   . .          .
                       - Unarmed
rCold   . . .        (no shield)
rNeg    + . .        a - +0 animal skin
rPois   .            (helmet currently unavailable)
rElec   .            (cloak currently unavailable)
rCorr   .            (gloves unavailable)
SInv    .            (boots unavailable)
Will    .....        (no amulet) Stlth
                     l - ring of positive energy
HPRegen 1.22/turn    t - ring of flight
MPRegen 0.11/turn

%: no passive effects
@: berserking, beast-form, flying, very quick
A: beast (slay +4), large, unfitting armour, claws 3, regeneration 1, shaggy fur
1, tough skin 1
a: Begin Untransformation, Renounce Religion, Berserk


You were on level 7 of the Dungeon.
You worshipped Trog.
Trog was aware of your devotion.
You were a hulking beast.
You visited 2 branches of the dungeon, and saw 8 of its levels.

You collected 371 gold pieces.

Inventory:

Hand Weapons
 s - the +4 whip of Eternal War {freeze, rElec Str-4 SInv}
   (You found it on level 6 of the Dungeon)

   Str-4:     It affects your strength (-4).
   rElec:     It insulates you from electricity.
   SInv:      It lets you see invisible.
Armour
 a - a +0 animal skin (worn)
Jewellery
 l - a ring of positive energy (left claw)
 t - a ring of flight (right claw)
Talismans
 c - a beast talisman (active)
 d - a flux talisman
 p - a serpent talisman
 r - a maw talisman
Wands
 g - a wand of charming (12)
 v - a wand of flame (21)
 y - a wand of iceblast (9)
 A - a wand of polymorph (6)
Scrolls
 m - a scroll of noise
 n - a scroll of fog {unknown}
 o - a scroll of poison {unknown}
 q - 3 scrolls of teleportation
 u - 2 scrolls of immolation {unknown}
 w - a scroll of acquirement {unknown}
 x - a scroll of enchant armour {unknown}
 z - a scroll of identify
Potions
 b - a potion of lignification
 e - a potion of ambrosia
 f - 10 potions of curing
 h - 2 potions of heal wounds
 i - a potion of degeneration
 j - 3 potions of attraction
 k - a potion of brilliance


   Skills:
 + Level 6.0 Fighting
 - Level 1.5 Dodging
 + Level 7.8 Unarmed Combat
 * Level 9.5 Shapeshifting


You had 8 spell levels left.
You didn't know any spells.
Your spell library contained the following spells:

 Spells                   Type           Power      Damage    Failure   Level
 Magic Dart               Conj           0%         1d3       45%         1
 Call Imp                 Summ           0%         N/A       58%         2
 Mephitic Cloud           Conj/Pois/Air  0%         N/A       83%         3
 Alistair's Intoxication  Tmut/Pois      0%         N/A       100%        5
 Borgnjor's Vile Clutch   Necr/Erth      0%         N/A       100%        5
 Eringya's Noxious Bog    Tmut/Pois      0%         4d6       100%        6


Dungeon Overview and Level Annotations

Branches:
Dungeon (7/15)             Temple (1/1) D:4

Altars:
Ashenzari
Cheibriados
Dithmenos
Elyvilon
Fedhas
Gozag
Hepliaklqana
Kikubaaqudgha
Makhleb
Okawaru
Qazlal
Ru
Sif Muna
Trog
Uskayaw
Vehumet
Wu Jian
Xom
Yredelemnul
Zin
The Shining One

Annotations:
D:3 1 runed translucent door, Crazy Yiuf
D:7 2 transporters, Joseph; thalassios's ghost, novice TrSh


Innate Abilities, Weirdness & Mutations

You are a hulking beast.
Your limbs bulge with bestial killing power. (Slay +4)
You are too large for most types of armour.
You have claws for hands.
Your natural rate of healing is unusually fast.
You are covered in fur. (AC +1)
You have tough skin. (AC +1)


Message History

You start resting.
You feel a strong urge to attack something.
You start resting.
You feel your anger nearly subside.
You are no longer berserk.
You are exhausted.
You feel yourself slow down.
You start resting.
You feel yourself speed up.
You start resting.
You recover from your berserk rage.
HP restored.
A - a wand of polymorph (6)
Items here: ) [[ †.
The black bear growls angrily.
The bullfrog gives a loud, deep croak!
Joseph zaps a wand.
Your mind is blasted!
Joseph unwields a +4 spectral quarterstaff.
Joseph wields a +0 sling.
Joseph shoots a sling bullet.
The sling bullet hits you!
Joseph zaps a wand.
Your mind is blasted!
Joseph shoots a sling bullet.
The sling bullet hits you!
Joseph unwields a +0 sling.
Joseph wields a +4 spectral quarterstaff.
Joseph hits you with a +4 spectral quarterstaff!
The +4 spectral quarterstaff hits you!
* * * LOW HITPOINT WARNING * * *
A +4 spectral quarterstaff comes into view.
You are too injured to fight recklessly!
You are too injured to fight recklessly!
You are too injured to fight recklessly!
You are too injured to fight recklessly!
A red film seems to cover your vision as you go berserk!
You feel yourself moving faster!
You feel mighty!
Joseph hits you with a +4 spectral quarterstaff!!
* * * LOW HITPOINT WARNING * * *
The +4 spectral quarterstaff closely misses you.
You claw Joseph!
Joseph is lightly wounded.
Joseph hits you with a +4 spectral quarterstaff!!
You die...

#..%<.....#F.....#..##..#.
#####.....##...#. #.h..#.
#.##...#....# ..Y.##.
#..#...#####. ###W##..
#.#........####©###...
#.##(.###...........#.
#.##..# #..##.#.##.##.
#.##..###..##...##.##.
#....h.....#...###.##.
####.@.............##.
##.................
##################


You could see Joseph and a +4 spectral quarterstaff.

Vanquished Creatures
  Pikel (D:5)
  Jeremiah (D:7)
  Sigmund (D:4)
  Eustachio (D:4)
  A steam dragon (D:7)
  Menkaure (D:7)
  The ghost of pokeman the Magician, an amateur DEHW of Vehumet (D:4)
  Duvessa (D:4)
  A water moccasin (D:7)
  2 sky beasts
  2 ice beasts
  5 black bears
  3 centaurs
  A phantom (D:7)
  A kobold brigand (D:6)
  3 lemures
  Blork the orc (D:5)
  A bullfrog (D:6)
  3 scorpions
  Dowan (D:4)
  2 hounds
  2 orc priests
  3 iguanas
  A sleepcap (D:6)
  Ijyb (D:5)
  2 orc wizards
  A hound zombie (D:4)
  5 adders
  2 white imps
  An adder zombie (D:4)
  2 worms
  A dart slug (D:5)
  16 orcs
  10 ball pythons
  4 bats
  9 endoplasms
  4 giant cockroaches
  11 goblins
  10 hobgoblins
  4 jackals (D:3)
  2 quokkas
  2 frilled lizards (D:1)
  7 kobolds
  2 rats
136 creatures vanquished.

Notes
Turn   | Place    | Note
-------+----------+-------------------------------------------
     0 | D:1      | AppTheSpectato the Troll Shapeshifter began the quest for
                  | the Orb.
     0 | D:1      | Reached XP level 1. HP: 18/18 MP: 0/0
   150 | D:1      | Reached skill level 1 in Fighting
   274 | D:1      | Reached XP level 2. HP: 25/27 MP: 1/1
   821 | D:2      | Reached XP level 3. HP: 33/33 MP: 2/2
  1702 | D:3      | Found a hazy altar of Hepliaklqana.
  1923 | D:3      | Reached XP level 4. HP: 42/42 MP: 3/3
  2226 | D:3      | Found a runed translucent door.
  2227 | D:3      | Noticed Crazy Yiuf
  2640 | D:4      | Noticed Eustachio
  2640 | D:4      | Noticed Duvessa
  2702 | D:4      | Noticed Sigmund
  2739 | D:4      | Noticed Dowan
  2799 | D:4      | Noticed a scorpion
  2800 | D:4      | You fall into a shaft and drop 3 floors!
  2801 | D:7      | Noticed a scorpion
  2803 | D:7      | Noticed a black bear
  2816 | D:7      | Killed a black bear
  2817 | D:7      | Reached skill level 4 in Shapeshifting
  2817 | D:7      | Reached XP level 5. HP: 36/50 MP: 4/4
  2920 | D:7      | Noticed a centaur
  2959 | D:7      | Killed a centaur
  2960 | D:7      | Reached XP level 6. HP: 30/59 MP: 5/5
  2999 | D:7      | Noticed a water moccasin
  3012 | D:7      | Killed a water moccasin
  3013 | D:7      | Reached skill level 5 in Shapeshifting
  3029 | D:7      | Found a transporter.
  3029 | D:7      | Noticed an ice beast
  3029 | D:7      | Noticed thalassios's ghost (novice TrSh)
  3036 | D:7      | Noticed Joseph
  3050 | D:7      | Noticed an ice beast
  3056 | D:7      | Found a transporter.
  3067 | D:7      | Noticed Menkaure
  3094 | D:7      | Killed Menkaure
  3095 | D:7      | Reached skill level 5 in Unarmed Combat
  3095 | D:7      | Reached XP level 7. HP: 18/67 MP: 6/6
  3223 | D:6      | Identified the +4 whip of Eternal War {freeze, rElec Str-4
                  | SInv}
  3286 | D:6      | Reached skill level 6 in Shapeshifting
  3334 | D:5      | Entered Level 5 of the Dungeon
  3334 | D:5      | Noticed Pikel
  3463 | D:4      | Found a runed translucent gate.
  3463 | D:4      | Found a runed translucent gate.
  3463 | D:4      | Found a runed translucent gate.
  3463 | D:4      | Noticed pokeman's ghost (amateur DEHW)
  3466 | D:4      | Found a basalt altar of Yredelemnul.
  3474 | D:4      | Reached XP level 8. HP: 78/78 MP: 7/7
  3503 | D:4      | Killed Duvessa
  3518 | D:4      | Killed Dowan
  3540 | D:4      | Found a staircase to the Ecumenical Temple.
  3553 | Temple   | Entered the Ecumenical Temple
  3686 | Temple   | Became a worshipper of Trog the Wrathful
  3727 | D:4      | Killed Sigmund
  3728 | D:4      | Reached skill level 7 in Shapeshifting
  3750 | D:4      | Killed Eustachio
  3975 | D:4      | Killed pokeman's ghost
  4239 | D:5      | Killed Pikel
  4240 | D:5      | Reached skill level 5 in Fighting
  4240 | D:5      | Reached skill level 8 in Shapeshifting
  4240 | D:5      | Reached XP level 9. HP: 48/88 MP: 8/8
  4359 | D:5      | Noticed Ijyb
  4364 | D:5      | Killed Ijyb
  4595 | D:5      | Noticed Blork the orc
  4601 | D:5      | Killed Blork the orc
  4770 | D:6      | Reached * piety under Trog
  4839 | D:6      | Found a shadowy altar of Dithmenos.
  5026 | D:6      | Reached skill level 9 in Shapeshifting
  5362 | D:7      | Noticed a moth of wrath
  5580 | D:7      | Noticed Jeremiah
  5596 | D:7      | Killed Jeremiah
  5752 | D:7      | Mangled by Joseph

Illustrated notes

Levels and vault maps discovered:
D:1:      dpeg_arrival_short_road, layout_loops_ring, fountainhead
D:2:      layout_basic
D:3:      layout_loops_ring, nicolae_hepliaklqana_hippocampus,
          minmay_misc_feat_tower, uniq_crazy_yiuf_cottage
D:4:      layout_rooms, nicolae_yredelemnul_ghost_church,
          minmay_temple_entry_waves, uniq_duvessa, uniq_sigmund, uniq_eustachio
D:5:      layout_rooms, minmay_misc_feat_columns, uniq_pikel,
          uniq_blork_the_orc, uniq_ijyb
D:6:      layout_loops_ring, mainiacjoe_overflow_boulevard
D:7:      layout_loops_ring, gammafunk_ghost_berserking_beasts,
          serial_bayou_pond_a, uniq_menkaure, uniq_joseph, uniq_jeremiah
Temple:   dpeg_three_leaves_temple

Skill      XL: |  1  2  3  4  5  6  7  8  9 |
---------------+----------------------------+-----
Fighting       | 1 2 3 5 6 |  6.0
Unarmed Combat | 4 5 6 7 |  7.8
Shapeshifting  | 4 5 6 8 9 |  9.5
Dodging        | |  1.5

Action                     |  1- 3 |  4- 6 |  7- 9 || total
---------------------------+-------+-------+-------++-------
  Melee: Unarmed           |    93 |    63 |   212 ||   368
         Punch             |     1 |     2 |     8 ||    11
 Invoke: Berserk           |       |       |     2 ||     2
Ability: Begin Untransform |       |       |     1 ||     1
    Use: Scroll            |       |     6 |     2 ||     8
         Potion            |       |     1 |     1 ||     2
   Stab: Sleeping          |     3 |       |       ||     3
         Distracted        |       |       |     1 ||     1
 Armour: Animal skin       |    46 |    70 |   189 ||   305
         Skin              |       |    18 |     7 ||    25
  Dodge: Dodged            |    33 |    38 |    92 ||   163
   Form: Beast             |       |       |     2 ||     2

Table legend: (Time is in decaauts)
 A = Elapsed time spent in this place.
 B = Non-inter-level travel time spent in this place.
 C = Inter-level travel time spent in this place.
 D = Time resting spent in this place.
 E = Time spent auto-exploring this place.
 F = Levels seen in this place.
 G = Mean time per level.
                   A        B        C        D        E       F      G
               +--------+--------+--------+--------+--------+-----+--------+
         Total |   5729 |   4957 |    772 |    246 |   3727 |   8 |  716.1 |
       Dungeon |   5588 |   4931 |    657 |    246 |   3727 |   7 |  798.3 |
        Temple |    141 |     26 |    115 |      0 |      0 |   1 |  141.0 |
               +--------+--------+--------+--------+--------+-----+--------+

Top non-repeatable levels by time:
     D:3: 1324 daAuts
     D:7: 872 daAuts
     D:1: 728 daAuts
     D:6: 712 daAuts
     D:2: 709 daAuts
     D:5: 650 daAuts
     D:4: 590 daAuts
  Temple: 141 daAuts
